 Dungeon Crawl Stone Soup version 0.29.0-11-gd7f09526c8 (webtiles) character file.

Game seed: 15899155214146391486

18 sentinel the Stinger (level 3, -1/26 HPs)
             Began as a Meteoran Venom Mage on Sept 4, 2022.
             Slain by a ball python (2 damage)
             ... on level 3 of the Dungeon.
             The game lasted 00:00:44 (114 turns).

sentinel the Stinger (Meteoran Venom Mage)           Turns: 114, Time: 00:00:45

Health: -1/26      AC:  2    Str:  9    XL:     3   Next: 5%
Magic:  3/8        EV:  9    Int: 18    God:
Gold:   0          SH:  0    Dex: 15    Spells: 6/7 levels left

rFire   . . .      SeeInvis .   (no weapon)
rCold   . . .      Faith    .   (no shield)
rNeg    . . .      Spirit   .   a - +0 robe
rPois   .          Reflect  .   (no helmet)
rElec   .          Harm     .   (no cloak)
rCorr   .          Rampage  .   (no gloves)
Will    .....                   (no boots)
Stlth   +.........              (no amulet)
HPRegen 0.08/turn               (no ring)
MPRegen 0.11/turn               (no ring)

@: lethally poisoned (-1 -> -10), glowing, constricted
A: sense surroundings 1, otherworldly, glowing, explore regen
a: no special abilities


You were on level 3 of the Dungeon.
You visited 1 branch of the dungeon, and saw 3 of its levels.

Inventory:

Armour
 a - a +0 robe (worn)
Jewellery
 d - a +6 ring of intelligence
Scrolls
 e - 2 scrolls of immolation {unknown}
Potions
 b - a potion of magic
 c - a potion of curing {unknown}


   Skills:
 - Level 2.4 Dodging
 - Level 1.4 Stealth
 - Level 2.6 Spellcasting
 - Level 1.2 Transmutations
 + Level 4.7 Poison Magic


You had 6 spell levels left.
You knew the following spells:

 Your Spells              Type           Power      Damage    Failure   Level
a - Sting                 Tmut/Pois      52%        1d5       4%          1

Your spell library contained the following spells:

 Spells                   Type           Power      Damage    Failure   Level
 Poisonous Vapours        Pois/Air       20%        N/A       10%         2
 Olgreb's Toxic Radiance  Pois           19%        N/A       24%         4
 Mephitic Cloud           Conj/Pois/Air  8%         N/A       26%         3


Dungeon Overview and Level Annotations

Branches:
Dungeon (3/15) Zot: 1685

Altars:


Innate Abilities, Weirdness & Mutations

You passively map a small area around you.
You are easily found by Zot.
You glow in the dark.
You regain HP and MP as you explore.


Message History

You are out of magic! 2 jackals come into view.
The jackal barks! x2
A bat comes into view.
A jackal comes into view.
The jackal bites you.
The jackal bites you but does no damage.
The jackal closely misses you. The jackal attacks as you move away!
The jackal completely misses you.
A rat comes into view.
You kill the jackal!
The jackal barely misses you. The jackal bites you.
The jackal barely misses you. The jackal attacks as you move away!
The jackal closely misses you. The jackal barely misses you.
The jackal bites you. The jackal attacks as you move away!
The jackal bites you. x2
The sting hits the jackal.
The jackal is poisoned.
The jackal is moderately wounded.
The jackal bites you.
The sting hits the jackal.
The jackal looks even sicker.
The jackal is almost dead.
You kill the jackal!
The jackal bites you but does no damage.
The jackal bites you. The jackal closely misses you.
The sting hits the jackal.
The jackal is poisoned.
The jackal is moderately wounded.
The jackal bites you but does no damage.
The jackal barely misses you.
You are out of magic!
The jackal attacks as you move away! The jackal barely misses you.
Really walk into that teleport trap?
You enter a teleport trap!
The teleport trap disappears.
Your surroundings suddenly seem different.
An endoplasm comes into view.
Found a twisted agate ring.
Found a stone staircase leading down.
The endoplasm quivers.
You can't see any susceptible monsters within range! (Use Z to cast anyway.)
The sting hits the endoplasm.
The endoplasm partially resists.
The endoplasm is lightly wounded.
The sting hits the endoplasm but does no damage.
The endoplasm is poisoned.
The endoplasm is lightly wounded.
The endoplasm closely misses you.
The sting hits the endoplasm.
The endoplasm partially resists.
The endoplasm looks even sicker.
The endoplasm is moderately wounded.
The endoplasm freezes you.
You are frozen.
You are out of magic!
The endoplasm attacks as you move away! The endoplasm misses you.
You see here a +6 ring of intelligence.
d - a +6 ring of intelligence A giant cockroach comes into view.
The endoplasm misses you.
The sting hits the endoplasm.
The endoplasm partially resists.
The endoplasm looks even sicker.
You kill the endoplasm!
There is a stone staircase leading down here.
You climb downwards.
There is a stone staircase leading up here.
Found 2 scrolls labelled TIG JAVVYCEFIO.
e - 2 scrolls labelled TIG JAVVYCEFIO Magic restored.
A hobgoblin comes into view.
You miscast Sting.
You are very lightly contaminated with residual magic.
Nothing appears to happen.
The sting misses the hobgoblin.
The hobgoblin hits you. The hobgoblin attacks as you move away!
The hobgoblin barely misses you.
A ball python comes into view.
Found a faded altar of an unknown god.
Found a stone staircase leading down.
The ball python hisses angrily.
An adder comes into view.
The hobgoblin attacks as you move away! The hobgoblin barely misses you.
A ball python comes into view. x2
The sting hits the hobgoblin.
The hobgoblin is poisoned.
The hobgoblin is moderately wounded.
The ball python hisses angrily. x2; The adder hisses angrily.
The hobgoblin barely misses you.
The sting hits the hobgoblin.
The hobgoblin looks even sicker.
The hobgoblin is severely wounded.
You kill the hobgoblin!
You have reached level 3!
Your experience leads to an increase in your attributes!
Increase (s)trength, (i)ntelligence, or (d)exterity?
You feel clever. x2; You feel agile.
The sting misses the ball python.
The ball python bites you. The ball python grabs you.
The ball python constricts you.
Your magical contamination has completely faded away.
The sting hits the ball python.
The ball python is poisoned.
The ball python is severely wounded.
The ball python barely misses you. The ball python constricts you.
You are out of magic!
You escape the ball python's grasp.
A ball python comes into view.
You feel a bit more experienced. The adder attacks as you move away!
The adder closely misses you. The adder attacks as you move away!
The adder barely misses you. The adder bites you.
The sting hits the adder.
The adder is poisoned.
The adder is lightly wounded.
The adder bites you.
You are out of magic!
The adder attacks as you move away! The adder bites you but does no damage.
You open the door.
A ball python comes into view.
The ball python hisses angrily.
The adder barely misses you. The adder bites you.
You are poisoned.
The adder poisons you!
You feel sick.
There is an open door here.
The sting hits the adder.
The adder looks even sicker.
The adder is severely wounded.
You feel sick. The adder bites you.
You are lethally poisoned!
The adder poisons you!
You are too injured to fight recklessly!
Casting: Sting (safe; 4% risk of failure)
Confirm with . or Enter, or press ? or * to list all spells.
Aiming: Sting (safe; 4% risk of failure)
Press: ? - help, Shift-Dir - straight line, f - ball python, p - adder
Aim: a ball python (68% to hit)
The sting misses the adder.
The sting hits the ball python.
The ball python is poisoned.
You kill the ball python!
* * * LOW HITPOINT WARNING * * *
You feel very sick. The adder bites you.
* * * LOW HITPOINT WARNING * * *
You are more poisoned.
The adder poisons you! The ball python closely misses you.
The ball python barely misses you.
* * * LOW HITPOINT WARNING * * *
You feel very sick. The ball python barely misses you.
The ball python grabs you. The ball python constricts you.
The adder barely misses you.
HP warning!
Casting: Sting (safe; 4% risk of failure)
Confirm with . or Enter, or press ? or * to list all spells.
Aiming: Sting (safe; 4% risk of failure)
Press: ? - help, Shift-Dir - straight line, f - adder
Aim: an adder (severely wounded, very poisoned, 53% to hit)
The sting hits the adder.
The adder looks even sicker.
The adder is severely wounded.
* * * LOW HITPOINT WARNING * * *
You feel sick.
You kill the adder!
The ball python bites you.
You die...

* * ** * #.# ._ , #.# ##
... , ##+# #.# .#...#
##...#* #.##....# * *
#.....#* ###.#.#
.......## ##....## , ,
........####....#.####
.......SS.S............,
.......@####...##.#####
.......## #.......# ,
*#.....# #.#####.# *
##...# #.# ># * ##+#*
#.# *.# , #. #.# * #
#####.### #.#####.#
#.......#### #.......#
*,##.......# ####.####


You could see 3 ball pythons.

Vanquished Creatures
  2 adders
  2 endoplasms (D:2)
  A hobgoblin (D:3)
  2 jackals (D:2)
  2 ball pythons (D:3)
  A frilled lizard (D:2)
10 creatures vanquished.

Notes
Turn   | Place    | Note
-------+----------+-------------------------------------------
     0 | D:1      | sentinel the Meteoran Venom Mage began the quest for the
                  | Orb.
     0 | D:1      | Reached XP level 1. HP: 14/14 MP: 5/5
    24 | D:2      | Reached skill level 4 in Poison Magic
    24 | D:2      | Reached XP level 2. HP: 19/20 MP: 1/6
    94 | D:3      | Found a faded altar of an unknown god.
    98 | D:3      | Reached XP level 3. HP: 21/26 MP: 2/8
   114 | D:3      | HP: 1/26 [poisoned by an adder]
   114 | D:3      | Slain by a ball python

Illustrated notes

Levels and vault maps discovered:
D:1:      amcnicky_arrival_choice, layout_loops_ring
D:2:      layout_loops_cross
D:3:      layout_loops_corners, mainiacjoe_overflow_paths,
          nicolae_ecumenical_snake_handling

Skill      XL: |  1 |
---------------+----+-----
Poison Magic   | 4 |  4.7
Dodging        | |  2.4
Stealth        | |  1.4
Spellcasting   | |  2.6
Transmutations | |  1.2

Action                   || total
-------------------------++-------
 Cast: Sting             ||    23
Armor: Robe              ||     4
Dodge: Dodged            ||    24
